 Dungeon Crawl Stone Soup version 0.28.0-47-ge53b351184 (webtiles) character file.

Game seed: 17885637801649816957

189 Antesink77 the Ducker (level 5, -2/53 HPs)
             Began as a Troll Berserker on May 8, 2022.
             Was a Priest of Trog.
             Slain by a black bear (5 damage)
             ... on level 5 of the Dungeon.
             The game lasted 00:12:35 (2488 turns).

Antesink77 the Ducker (Troll Berserker)             Turns: 2488, Time: 00:12:35

Health: -2/53      AC:  5    Str: 27    XL:     5   Next: 40%
Magic:  4/4        EV: 10    Int:  3    God:    Trog [***...]
Gold:   95         SH:  0    Dex:  9    Spells: 4/4 levels left

rFire   . . .      SeeInvis .   b - +1 dagger (flame)
rCold   . . .      Faith    .   (no shield)
rNeg    . . .      Spirit   .   a - +1 animal skin
rPois   .          Reflect  .   (helmet restricted)
rElec   .          Harm     .   (no cloak)
rCorr   .          Rampage  .   (gloves unavailable)
Will    +....                   (boots unavailable)
Stlth   +.........              (no amulet)
HPRegen 0.97/turn               h - ring of willpower
MPRegen 0.09/turn               (no ring)

@: no status effects
A: large, unfitting armour, claws 3, regeneration 1, shaggy fur 1, tough skin 1
a: Renounce Religion, Berserk, Trog's Hand


You were on level 5 of the Dungeon.
You worshipped Trog.
Trog was most pleased with you.
You visited 1 branch of the dungeon, and saw 5 of its levels.

You collected 95 gold pieces.

Inventory:

Hand Weapons
 b - a +1 dagger of flaming (weapon)
Armour
 a - a +1 animal skin (worn)
Jewellery
 h - a ring of willpower (left claw)
Potions
 c - a potion of resistance
 d - a potion of flight
 g - a potion of haste
 i - 2 potions of might {unknown}
 k - a potion of degeneration {unknown}


   Skills:
 + Level 3.1 Fighting
 + Level 1.8 Short Blades
 + Level 3.7 Dodging
 + Level 0.3 Stealth
 + Level 3.4 Unarmed Combat


You had 4 spell levels left.
You didn't know any spells.
Your spell library contained the following spells:

 Spells                   Type           Power      Damage    Failure   Level
 Animate Skeleton         Necr           0%         N/A       52%         1
 Pain                     Necr           0%         1d4       52%         1
 Corpse Rot               Necr/Air       0%         N/A       67%         2
 Poisonous Vapours        Pois/Air       0%         N/A       67%         2
 Vampiric Draining        Necr           0%         2d6       88%         3


Dungeon Overview and Level Annotations

Branches:
Dungeon (5/15)
 Temple: D:4-7

Altars:

Annotations:
D:4 Grinder
D:5 Ijyb


Innate Abilities, Weirdness & Mutations

You are too large for most types of armour.
You have claws for hands.
Your natural rate of healing is unusually fast.
You are covered in fur. (AC +1)
You have tough skin. (AC +1)


Message History

You barely miss the black bear.
The black bear is heavily wounded.
The black bear bites you but does no damage.
The black bear claws you.
The black bear claws you but does no damage.
Ijyb zaps a wand.
You resist with almost no effort.
You closely miss the black bear.
The black bear is heavily wounded.
The black bear bites you. The black bear claws you. x2
Ijyb hits you with a +0 club.
You hit the black bear but do no damage.
The black bear is heavily wounded.
The black bear barely misses you. The black bear claws you. x2
Ijyb hits you with a +0 club.
You barely miss the black bear.
The black bear is heavily wounded.
The black bear bites you!
* * * LOW HITPOINT WARNING * * *
The black bear claws you but does no damage.
The black bear barely misses you.
You hit the black bear. You burn the black bear.
The black bear is severely wounded.
Ijyb screams, "No!
No, no, no, no!"
Ijyb barely misses you.
The black bear goes berserk!
You hit the black bear. You burn the black bear.
The black bear is severely wounded.
Ijyb barely misses you. The black bear barely misses you.
The black bear claws you. The black bear closely misses you.
You hit the black bear. You burn the black bear.
The black bear is almost dead.
The black bear bites you.
* * * LOW HITPOINT WARNING * * *
The black bear claws you.
* * * LOW HITPOINT WARNING * * *
The black bear claws you.
* * * LOW HITPOINT WARNING * * *
Ijyb zaps a wand.
You resist with almost no effort. The black bear bites you.
* * * LOW HITPOINT WARNING * * *
The black bear closely misses you. The black bear claws you.
You die...

##♣P....P#
#P...≈≈..### !##
#.#...≈≈≈≈... ....
#.#..≈≈≈♣.P.##...#
...♣≈♣≈≈♣..<....#
[...≈≈≈♣.....####
#..≈≈≈..P.##
#.♣.gPhP###
#...@.## #.P...#
##..P## #####


You could see a black bear (berserk) and Ijyb.

Vanquished Creatures
  A hound (D:4)
  An orc wizard (D:4)
  An iguana (D:4)
  3 adders
  2 adder skeletons (D:4)
  2 dart slugs
  4 orcs
  5 ball pythons
  4 endoplasms
  6 giant cockroaches
  4 goblins
  6 hobgoblins
  7 jackals
  4 kobolds
  4 quokkas
  6 bats
  A frilled lizard (D:2)
  3 rats
64 creatures vanquished.

Vanquished Creatures (others)
  7 plants (D:5)
7 creatures vanquished.

Grand Total: 71 creatures vanquished

Notes
Turn   | Place    | Note
-------+----------+-------------------------------------------
     0 | D:1      | Antesink77 the Troll Berserker began the quest for the Orb.
     0 | D:1      | Reached XP level 1. HP: 22/22 MP: 0/0
    71 | D:1      | Reached XP level 2. HP: 29/29 MP: 1/1
   407 | D:1      | Found a faded altar of an unknown god.
   761 | D:2      | Reached XP level 3. HP: 25/36 MP: 2/2
   791 | D:2      | Reached ** piety under Trog
  1184 | D:3      | Reached XP level 4. HP: 44/44 MP: 3/3
  1719 | D:4      | Reached skill level 1 in Short Blades
  1855 | D:4      | Reached XP level 5. HP: 45/52 MP: 4/4
  1929 | D:4      | Reached *** piety under Trog
  2056 | D:4      | Noticed Grinder
  2070 | D:4      | Paralysed by Grinder for 6 turns
  2165 | D:4      | Paralysed by Grinder for 5 turns
  2201 | D:4      | Paralysed by Grinder for 6 turns
  2465 | D:5      | Entered Level 5 of the Dungeon
  2465 | D:5      | Noticed Ijyb
  2465 | D:5      | Noticed a black bear
  2488 | D:5      | Slain by a black bear

Illustrated notes

Levels and vault maps discovered:
D:1:      lightli_arrival_flooded_house, layout_basic, serial_forest,
          infiniplex_forest_pool, infiniplex_forest_clump_small,
          infiniplex_forest_clump_small, infiniplex_forest_fountain,
          chequers_ecumenical_altar_island,
          nicolae_concentric_dashed_squares_mild, minmay_pentomino_o4
D:2:      layout_basic, serial_bayou, serial_bayou_shore_b,
          serial_bayou_crossing, serial_bayou_pond_a, serial_bayou_lagoon_b,
          serial_bayou_pond_e, minmay_worlds_worst_comb
D:3:      layout_basic, serial_glass, glass_columns_c, glass_columns_a,
          minmay_box_of_dots
D:4:      layout_basic, uniq_grinder
D:5:      layout_loops_ring, serial_bayou, serial_bayou_pond_a,
          serial_bayou_shore_b, serial_bayou_pond_a, serial_bayou_lagoon_a,
          gammafunk_ghost_arena, uniq_ijyb

Skill      XL: |  1  2  3  4  5 |
---------------+----------------+-----
Dodging        | 3 |  3.7
Short Blades   | 1 |  1.8
Fighting       | 3 |  3.1
Stealth        | |  0.3
Unarmed Combat | |  3.4

Action                   |  1- 3 |  4- 6 || total
-------------------------+-------+-------++-------
Melee: Unarmed           |    23 |       ||    23
       Dagger            |   138 |   137 ||   275
       Punch             |     1 |     2 ||     3
  Use: Scroll            |       |     3 ||     3
       Potion            |       |     3 ||     3
Armor: Animal skin       |    97 |    51 ||   148
Dodge: Dodged            |   133 |    62 ||   195
